 Dungeon Crawl Stone Soup version 0.28-a0-8-g6e044cfa68 (webtiles) character file.

Game seed: 9762573662581435914

140 Sin92 the Skirmisher (level 5, -10/41 HPs)
             Began as a Demonspawn Fighter on July 24, 2021.
             Was an Initiate of Okawaru.
             Mangled by Menkaure (18 damage)
             ... on level 3 of the Dungeon.
             The game lasted 00:03:40 (2600 turns).

Sin92 the Skirmisher (Demonspawn Fighter)           Turns: 2600, Time: 00:03:41

Health: -10/41     AC: 13    Str: 17    XL:     5   Next: 2%
Magic:  5/5        EV:  5    Int:  9    God:    Okawaru [......]
Gold:   82         SH:  9    Dex: 13    Spells: 4/4 levels left

rFire   . . .      SeeInvis .   a - +0 long sword
rCold   . . .      Faith    .   c - +0 kite shield
rNeg    . . .      Spirit   .   i - +0 chain mail
rPois   .          Reflect  .   (no helmet)
rElec   .          Harm     .   m - +0 cloak
rCorr   .          Rampage  .   n - +0 pair of gloves
Will    .....                   (no boots)
Stlth   ..........              k - amulet of magic regeneration
HPRegen 0.13/turn               (no ring)
MPRegen 0.34/turn               (no ring)

@: brilliant
A: talons 1, icy blue scales 1
a: Renounce Religion


You were on level 3 of the Dungeon.
You worshipped Okawaru.
Okawaru was noncommittal.
You visited 1 branch of the dungeon, and saw 4 of its levels.

You collected 82 gold pieces.

Inventory:

Hand Weapons
 a - a +0 long sword (weapon)
Armour
 b - a +0 scale mail
 c - a +0 kite shield (worn)
 i - a +0 chain mail (worn)
 m - a +0 cloak (worn)
 n - a +0 pair of gloves (worn)
Jewellery
 k - an amulet of magic regeneration (around neck)
Wands
 j - a wand of iceblast (8)
Scrolls
 e - a scroll of magic mapping
Potions
 d - a potion of might
 f - a potion of brilliance
 g - a potion of haste


   Skills:
 + Level 3.5 Fighting
 * Level 3.0 Long Blades
 + Level 3.2 Armour
 + Level 1.3 Dodging
 + Level 3.2 Shields
 + Level 0.2 Invocations


You had 4 spell levels left.
You didn't know any spells.
Your spell library contained the following spells:

 Spells                   Type           Power      Damage    Failure   Level
 Magic Dart               Conj           0%         1d3       100%        1
 Searing Ray              Conj           0%         3d3       100%        2
 Fulminant Prism          Conj/Hex       0%         3d6       100%        4


Dungeon Overview and Level Annotations

Branches:
Dungeon (4/15)
 Temple: D:4-7

Altars:
Hepliaklqana
Makhleb
Okawaru
Sif Muna
Trog
Uskayaw
Xom
Yredelemnul
Zin

Shops:
D:3 !

Annotations:
D:3 Menkaure


Innate Abilities, Weirdness & Mutations

You have sharp toenails.
You are partially covered in icy blue scales. (AC +2)


Message History

You feel clever all of a sudden. You block the orc's attack.
The orc hits you but does no damage. Menkaure closely misses you.
You riposte.
You hit Menkaure but do no damage. You claw Menkaure.
Menkaure is lightly damaged.
You block the orc's attack.
It was a potion of heal wounds.
You feel much better. You block Menkaure's attack. You block the orc's attack.
The orc hits you but does no damage. x2
Menkaure hits you.
Menkaure shouts, "The curse of the Pharaohs be upon you!"
There is a stone staircase leading up here.
The orc barely misses you.
Menkaure sighs a few words.
Menkaure calls on the powers of darkness!
Your body is wracked with pain!
The orc convulses!
The jelly convulses!
You climb upwards.
There is a stone staircase leading down here.
Your shield and chain mail prevent you from hitting Menkaure.
You claw Menkaure.
Menkaure is lightly damaged.
Menkaure hits you! The orc hits you with a +0 war axe.
* * * LOW HITPOINT WARNING * * *
Menkaure hits you but does no damage. You block the orc's attack.
You hit Menkaure.
Menkaure is moderately damaged.
Menkaure hits you.
* * * LOW HITPOINT WARNING * * *
The orc barely misses you. You block Menkaure's attack.
You hit Menkaure. You claw Menkaure.
Menkaure is heavily damaged.
The orc hits you with a +0 war axe.
* * * LOW HITPOINT WARNING * * *
Menkaure sighs in an indecipherable tongue.
You block Menkaure's attack. The orc barely misses you.
You hit Menkaure.
Menkaure is heavily damaged.
Menkaure mumbles in an indecipherable tongue.
Menkaure completely misses you. Menkaure hits you!!
You die...

...#.##.....#....#...##
.##..##.#.............##
.....##.#....[[........#
..............)........#
......#.###............#
(.......# #...........##
........####..........#
......................#
....)...........@.....#
...)<).........o.M....#
..................#####
#.................#
#.................#
#.................#
##.....#..........#
##...############# #####


You could see Menkaure (fast) and an orc.

Vanquished Creatures
  4 gnolls
  3 adders
  A worm (D:2)
  8 orcs
  6 endoplasms
  3 giant cockroaches
  7 goblins
  3 hobgoblins
  4 jackals
  4 quokkas
  4 ball pythons
  3 bats
  2 frilled lizards (D:1)
  6 kobolds
  4 rats
62 creatures vanquished.

Notes
Turn   | Place    | Note
-------+----------+-------------------------------------------
     0 | D:1      | Sin92 the Demonspawn Fighter began the quest for the Orb.
     0 | D:1      | Reached XP level 1. HP: 18/18 MP: 1/1
   262 | D:1      | Gained mutation: You have sharp toenails. [demonic
                  | ancestry]
   262 | D:1      | Reached XP level 2. HP: 24/24 MP: 2/2
   489 | D:1      | Found a faded altar of an unknown god.
   975 | D:2      | Reached XP level 3. HP: 29/29 MP: 3/3
  1653 | D:2      | Reached skill level 1 in Dodging
  1896 | D:2      | Reached XP level 4. HP: 33/35 MP: 4/4
  2169 | D:3      | Found Ycyeng's Distillery.
  2315 | D:3      | Found a shimmering blue altar of Sif Muna.
  2316 | D:3      | Found a shimmering altar of Xom.
  2317 | D:3      | Found a basalt altar of Yredelemnul.
  2317 | D:3      | Found a burning altar of Makhleb.
  2317 | D:3      | Found an iron altar of Okawaru.
  2319 | D:3      | Found a bloodstained altar of Trog.
  2320 | D:3      | Found a hide-covered altar of Uskayaw.
  2322 | D:3      | Found a hazy altar of Hepliaklqana.
  2327 | D:3      | Became a worshipper of Warmaster Okawaru
  2583 | D:4      | Noticed Menkaure
  2585 | D:4      | Gained mutation: You are partially covered in icy blue
                  | scales. (AC +2) [demonic ancestry]
  2585 | D:4      | Reached XP level 5. HP: 41/41 MP: 5/5
  2600 | D:3      | Mangled by Menkaure

Illustrated notes

Levels and vault maps discovered:
D:1:      dpeg_arrival_arbitrary_c, layout_loops_ring,
          hellmonk_ecumenical_altar_prayer_group, chequers_garden,
          grunt_decor_fettered, st_stairs_13
D:2:      wad_pebble_path, layout_basic, minmay_pentomino_r2
D:3:      layout_rooms, minitemple, serial_shops, nicolae_shop_waterfront
D:4:      layout_cave_pools, mainiacjoe_overflow_24_doors,
          minmay_temple_entry_offerings, ebering_ghost_reflecting_pool,
          serial_column_ruins, column_ruins_grid_1,
          column_ruins_corridor_corner, column_ruins_open_tiny,
          column_ruins_open_small, column_ruins_open_medium, uniq_menkaure,
          uniq_natasha, uniq_crazy_yiuf_cottage

Skill      XL: |  1  2  3  4 |
---------------+-------------+-----
Long Blades    | 2 3 |  3.0
Armour         | 3 |  3.2
Shields        | 3 |  3.2
Dodging        | 1 |  1.3
Fighting       | |  3.5
Invocations    | |  0.2

Action                   |  1- 3 |  4- 6 || total
-------------------------+-------+-------++-------
Melee: Long sword        |    84 |    54 ||   138
       Kick              |    16 |    16 ||    32
  Use: Scroll            |     3 |     2 ||     5
       Potion            |     1 |     3 ||     4
Armor: Scale mail        |    15 |       ||    15
       Chain mail        |    40 |    39 ||    79
Dodge: Dodged            |    17 |    19 ||    36
Block: Kite shield       |    39 |    35 ||    74
       Rpst.: Long sword |     5 |     6 ||    11

Table legend: (Time is in decaauts)
 A = Elapsed time spent in this place.
 B = Non-inter-level travel time spent in this place.
 C = Inter-level travel time spent in this place.
 D = Time resting spent in this place.
 E = Time spent auto-exploring this place.
 F = Levels seen in this place.
 G = Mean time per level.
                   A        B        C        D        E       F      G
               +--------+--------+--------+--------+--------+-----+--------+
         Total |   2672 |   2500 |    172 |      0 |   2039 |   4 |  668.0 |
       Dungeon |   2672 |   2500 |    172 |      0 |   2039 |   4 |  668.0 |
               +--------+--------+--------+--------+--------+-----+--------+

Top non-repeatable levels by time:
     D:1: 989 daAuts
     D:2: 921 daAuts
     D:3: 742 daAuts
     D:4: 18 daAuts
